 Dungeon Crawl Stone Soup version 0.30-a0-354-g6b83867211 (webtiles) character file.

Game seed: 12617618154827865601

209 Lanoc the Skirmisher (level 5, 0/64 HPs)
             Began as a Gnoll Hunter on Nov 7, 2022.
             Was a Believer of Dithmenos.
             Succumbed to a scorpion's poison
             ... on level 3 of the Dungeon.
             The game lasted 00:03:12 (2085 turns).

Lanoc the Skirmisher (Gnoll Hunter)                 Turns: 2085, Time: 00:03:13

Health: 0/64       AC:  7    Str: 10    XL:     5   Next: 87%
Magic:  16/16      EV: 14    Int:  9    God:    Dithmenos [**....]
Gold:   139        SH:  0    Dex: 17    Spells: 7/7 levels left

rFire   . . .      SeeInvis .      - Unarmed
rCold   . . .      Faith    .    (no shield)
rNeg    . . .      Spirit   .    c - +0 leather armour
rPois   .          Reflect  .    (no helmet)
rElec   .          Harm     .    (no cloak)
rCorr   .          Rampage  .    (no gloves)
Will    .....                    (no boots)
Stlth   ..........               (no amulet)
HPRegen 0.30/turn                k - ring of magical power
MPRegen 0.15/turn                o - +4 ring of protection

@: berserking, lethally poisoned (0 -> -12), wreathed by umbra, very quick
A: fangs 1, strong nose, distributed training
a: Renounce Religion, Shadow Step


You were on level 3 of the Dungeon.
You worshipped Dithmenos.
Dithmenos was pleased with you.
You visited 1 branch of the dungeon, and saw 3 of its levels.

You collected 139 gold pieces.

Inventory:

Hand Weapons
 a - a +0 shortbow
Armour
 c - a +0 leather armour (worn)
Jewellery
 k - a ring of magical power (left hand)
 o - a +4 ring of protection (right hand)
Scrolls
 b - 2 scrolls of immolation
 g - 2 scrolls of identify {unknown}
 i - a scroll of enchant weapon {unknown}
 j - a scroll of teleportation {unknown}
 l - a scroll of amnesia {unknown}
 m - a scroll of fog {unknown}
 t - a scroll of enchant armour {unknown}
Potions
 d - 2 potions of magic
 e - a potion of berserk rage
 f - a potion of flight {unknown}
 h - 4 potions of heal wounds {unknown}
 n - a potion of lignification {unknown}
 p - 3 potions of curing {unknown}
 q - a potion of degeneration {unknown}
 r - a potion of haste {unknown}
 s - 2 potions of cancellation {unknown}


   Skills:
 + Level 4.9 Fighting
 + Level 1.7 Short Blades
 + Level 1.7 Long Blades
 + Level 1.7 Axes
 + Level 1.7 Maces & Flails
 + Level 1.7 Polearms
 + Level 1.7 Staves
 + Level 8.7 Ranged Weapons
 + Level 1.7 Throwing
 + Level 1.7 Armour
 + Level 4.9 Dodging
 + Level 2.9 Stealth
 + Level 1.7 Shields
 + Level 1.7 Unarmed Combat
 + Level 1.7 Spellcasting
 + Level 1.3 Conjurations
 + Level 1.3 Hexes
 + Level 1.3 Summonings
 + Level 1.3 Necromancy
 + Level 1.3 Translocations
 + Level 1.3 Transmutations
 + Level 1.3 Fire Magic
 + Level 1.3 Ice Magic
 + Level 1.3 Air Magic
 + Level 1.3 Earth Magic
 + Level 1.3 Poison Magic
 + Level 2.0 Invocations
 + Level 1.7 Evocations


You had 7 spell levels left.
You didn't know any spells.
Your spell library contained the following spells:

 Spells                   Type           Power      Damage    Failure   Level
 Foxfire                  Conj/Fire      12%        2x1d4     26%         1
 Scorch                   Fire           6%         2d5       36%         2
 Flame Wave               Conj/Fire      3%         2d5       95%         4
 Fireball                 Conj/Fire      1%         3d3       100%        5
 Starburst                Conj/Fire      1%         6d3       100%        6
 Summon Cactus Giant      Summ           1%         N/A       100%        6


Dungeon Overview and Level Annotations

Branches:
Dungeon (3/15)

Altars:
Dithmenos
Nemelex Xobeh

Shops:
D:1 (


Innate Abilities, Weirdness & Mutations

You have very sharp teeth.
Your uncanny sense of smell can sniff out nearby items.
Your experience applies equally to all skills.


Message History

You shoot an arrow. The arrow barely misses the scorpion.
You feel sick. The scorpion stings you.
You shoot an arrow.
The arrow hits the scorpion but does no damage.
The scorpion is moderately wounded.
You feel sick. The scorpion stings you.
You are more poisoned.
The scorpion poisons you!
You shoot an arrow. The arrow hits the scorpion.
The scorpion is heavily wounded.
You feel very sick. The scorpion barely misses you. The scorpion stings you.
You are lethally poisoned!
The scorpion poisons you!
You are too injured to fight recklessly!
Fire: a) +0 shortbow
Press: ? - help, Q - select action, (/) - cycle Shift-Dir - straight line, f/p - scorpion
Aim: a scorpion (heavily wounded, umbra, 66% to hit)
You shoot an arrow. The arrow closely misses the scorpion.
* * * LOW HITPOINT WARNING * * *
You feel extremely sick. The scorpion closely misses you.
It was a potion of magic.
Magic courses through your body.
* * * LOW HITPOINT WARNING * * *
You feel very sick. The scorpion barely misses you.
It was a potion of berserk rage.
A red film seems to cover your vision as you go berserk!
You feel yourself moving faster!
You feel mighty!
* * * LOW HITPOINT WARNING * * *
You feel very sick. The scorpion misses you.
You are now empty-handed.
You feel a strong urge to attack something.
* * * LOW HITPOINT WARNING * * *
You feel sick. The scorpion stings you.
* * * LOW HITPOINT WARNING * * *
You punch the scorpion!
The scorpion is severely wounded.
You die...

.......>.. #.# ######.##
# #.# #....... #.
#.#########.###.## .
#......#.............
#.##..#)#.#.#####.###.#.
#.....#.#.#.# #.....#.
####..s.#.#.# #####.#.
.(....†@#[#.# #.#.
#####.#...#.# #... ..
#...#.# ####+##
######.##.# ## #......
...........# . ......
#######.####.# ......
#####...##[# ......
#..........# ###.##
#.######.#########.##


You could see a scorpion.

Vanquished Creatures
  An orc priest (D:3)
  Natasha (twice) (D:2)
  Robin (D:2)
  4 adders
  8 orcs (D:3)
  7 ball pythons
  7 bats
  3 endoplasms
  2 giant cockroaches
  5 hobgoblins
  6 kobolds
  2 quokkas
  4 frilled lizards
  14 goblins
  7 rats
73 creatures vanquished.

Notes
Turn   | Place    | Note
-------+----------+-------------------------------------------
     0 | D:1      | Lanoc the Gnoll Hunter began the quest for the Orb.
     0 | D:1      | Reached XP level 1. HP: 20/20 MP: 1/1
   123 | D:1      | Found Baib's Antique Weapon Boutique.
   253 | D:1      | Reached XP level 2. HP: 26/26 MP: 2/2
   732 | D:2      | Found a faded altar of an unknown god.
   740 | D:2      | Reached XP level 3. HP: 20/31 MP: 4/4
   745 | D:2      | Reached skill level 1 in Invocations
   835 | D:2      | Reached skill level 1 in Short Blades
   835 | D:2      | Reached skill level 1 in Long Blades
   835 | D:2      | Reached skill level 1 in Axes
   835 | D:2      | Reached skill level 1 in Maces & Flails
   835 | D:2      | Reached skill level 1 in Polearms
   835 | D:2      | Reached skill level 1 in Staves
   835 | D:2      | Reached skill level 1 in Throwing
   835 | D:2      | Reached skill level 1 in Armour
   835 | D:2      | Reached skill level 1 in Shields
   835 | D:2      | Reached skill level 1 in Unarmed Combat
   835 | D:2      | Reached skill level 1 in Spellcasting
   835 | D:2      | Reached skill level 1 in Evocations
   913 | D:2      | Prayed at the altar of an unknown god.
   913 | D:2      | Became a worshipper of Dithmenos the Shadowed
   913 | D:2      | Reached * piety under Dithmenos
  1155 | D:2      | Reached XP level 4. HP: 38/38 MP: 5/5
  1198 | D:2      | Noticed Robin
  1220 | D:2      | Killed Robin
  1220 | D:2      | Reached ** piety under Dithmenos
  1221 | D:2      | Reached skill level 1 in Conjurations
  1221 | D:2      | Reached skill level 1 in Hexes
  1221 | D:2      | Reached skill level 1 in Summonings
  1221 | D:2      | Reached skill level 1 in Necromancy
  1221 | D:2      | Reached skill level 1 in Translocations
  1221 | D:2      | Reached skill level 1 in Transmutations
  1221 | D:2      | Reached skill level 1 in Fire Magic
  1221 | D:2      | Reached skill level 1 in Ice Magic
  1221 | D:2      | Reached skill level 1 in Air Magic
  1221 | D:2      | Reached skill level 1 in Earth Magic
  1221 | D:2      | Reached skill level 1 in Poison Magic
  1283 | D:2      | Found a sparkling altar of Nemelex Xobeh.
  1320 | D:2      | Noticed Natasha
  1330 | D:2      | Killed Natasha
  1364 | D:2      | Reached XP level 5. HP: 43/43 MP: 7/7
  1531 | D:2      | Noticed Natasha
  1538 | D:2      | Killed Natasha
  2083 | D:3      | HP: 3/64 [poisoned by a scorpion]
  2085 | D:3      | Succumbed to a scorpion's poison

Illustrated notes

Levels and vault maps discovered:
D:1:      dpeg_arrival_snail, layout_loops_ring, serial_shops, shop_statue
D:2:      layout_loops_ring, nicolae_ecumenical_snake_handling, basic_altar,
          kennysheep_generic_room_3, uniq_natasha, uniq_robin
D:3:      layout_basic, serial_shops, nicolae_shop_waterfront

Skill      XL: |  1  2  3  4  5 |
---------------+----------------+-----
Invocations    | 1 2 |  2.0
Short Blades   | 1 |  1.7
Long Blades    | 1 |  1.7
Axes           | 1 |  1.7
Maces & Flails | 1 |  1.7
Polearms       | 1 |  1.7
Staves         | 1 |  1.7
Throwing       | 1 |  1.7
Armour         | 1 |  1.7
Shields        | 1 |  1.7
Unarmed Combat | 1 |  1.7
Spellcasting   | 1 |  1.7
Evocations     | 1 |  1.7
Conjurations   | 1 |  1.3
Hexes          | 1 |  1.3
Summonings     | 1 |  1.3
Necromancy     | 1 |  1.3
Translocations | 1 |  1.3
Transmutations | 1 |  1.3
Fire Magic     | 1 |  1.3
Ice Magic      | 1 |  1.3
Air Magic      | 1 |  1.3
Earth Magic    | 1 |  1.3
Poison Magic   | 1 |  1.3
Fighting       | |  4.9
Ranged Weapons | |  8.7
Dodging        | |  4.9
Stealth        | |  2.9

Action                   |  1- 3 |  4- 6 || total
-------------------------+-------+-------++-------
Melee: Unarmed           |       |     1 ||     1
 Fire: Shortbow          |    67 |   151 ||   218
  Use: Potion            |       |     2 ||     2
Armor: Leather armour    |     6 |    22 ||    28
Dodge: Dodged            |    26 |    69 ||    95

Table legend: (Time is in decaauts)
 A = Elapsed time spent in this place.
 B = Non-inter-level travel time spent in this place.
 C = Inter-level travel time spent in this place.
 D = Time resting spent in this place.
 E = Time spent auto-exploring this place.
 F = Levels seen in this place.
 G = Mean time per level.
                   A        B        C        D        E       F      G
               +--------+--------+--------+--------+--------+-----+--------+
         Total |   2116 |   2075 |     41 |    141 |   1562 |   3 |  705.3 |
       Dungeon |   2116 |   2075 |     41 |    141 |   1562 |   3 |  705.3 |
               +--------+--------+--------+--------+--------+-----+--------+

Top non-repeatable levels by time:
     D:2: 863 daAuts
     D:1: 725 daAuts
     D:3: 527 daAuts
